 Dungeon Crawl Stone Soup version 0.28-a0-1616-g050a50673c (webtiles) character file.

Game seed: 13470221882399529462

3558 oldriver the Tainter (level 10, -1/80 HPs)
             Began as a Naga Venom Mage on Jan 22, 2022.
             Slain by Duvessa (11 damage)
             ... on level 7 of the Dungeon.
             The game lasted 00:19:59 (13562 turns).

oldriver the Tainter (Naga Venom Mage)             Turns: 13562, Time: 00:19:59

Health: -1/80      AC:  9    Str:  8 (11) XL:     10   Next: 9%
Magic:  7/22       EV:  9    Int: 16 (17) God:
Gold:   222        SH:  0    Dex: 17 (18) Spells: 11/26 levels left

rFire   . . .      SeeInvis +   g - staff of air
rCold   + + .      Faith    .   (no shield)
rNeg    . . .      Spirit   .   w - +3 leather armour {rC+}
rPois   +          Reflect  .   A - +1 helmet
rElec   +          Harm     .   (no cloak)
rCorr   .          Rampage  .   (no gloves)
Will    +....                   (no barding)
Stlth   ++++......              x - amulet of regeneration
HPRegen 1.03/turn               v - +6 ring of dexterity
MPRegen 0.18/turn               l - ring of wizardry

@: on berserk cooldown, very slow
A: AC +3, large, see invisible, deformed body, poison resistance, slowness 2,
spit poison 2, naga tail 1, cold resistance 1, dopey 1
a: Breathe Poison Gas


You were on level 7 of the Dungeon.
You visited 1 branch of the dungeon, and saw 8 of its levels.
You also visited: Sewer.

You collected 222 gold pieces.

Inventory:

Hand Weapons
 b - a +0 short sword
Armour
 w - a +3 leather armour of cold resistance (worn)
 A - a +1 helmet (worn)
Magical Staves
 g - a staff of air (weapon)
Jewellery
 c - a ring of resist corrosion
 l - a ring of wizardry (right hand)
 u - a ring of fire
 v - a +6 ring of dexterity (left hand)
 x - an amulet of regeneration (around neck)
Wands
 o - a wand of polymorph (5)
 z - a wand of iceblast (6)
Scrolls
 f - 5 scrolls of identify
 h - a scroll of teleportation
 n - 3 scrolls of fog
 t - 2 scrolls of enchant armour
 y - a scroll of fear
Potions
 a - a potion of haste
 j - a potion of berserk rage
 q - 2 potions of degeneration


   Skills:
 - Level 2.0 Fighting
 - Level 2.0 Dodging
 - Level 8.0 Stealth
 + Level 8.8 Spellcasting
 - Level 2.0 Conjurations
 - Level 3.0 Transmutations
 - Level 3.0 Fire Magic
 - Level 3.0 Air Magic
 - Level 10.0 Poison Magic


You had 11 spell levels left.
You knew the following spells:

 Your Spells              Type           Power      Damage    Failure   Level
a - Sting                 Tmut/Pois      100%       1d8       1%          1
b - Poisonous Vapours     Pois/Air       82%        N/A       1%          2
c - Mephitic Cloud        Conj/Pois/Air  34%        N/A       2%          3
d - Static Discharge      Conj/Air       22%        N/A       3%          2
i - Ignite Poison         Fire/Tmut/Pois 24%        N/A       1%          3
o - Olgreb's Toxic Radia  Pois           39%        N/A       1%          4

Your spell library contained the following spells:

 Spells                   Type           Power      Damage    Failure   Level
 Passwall                 Tmut/Erth      9%         N/A       4%          2
 Sandblast                Erth           14%        2d6       6%          1
 Slow                     Hex            28%        N/A       6%          1
 Stone Arrow              Conj/Erth      20%        3d8       12%         3
 Confusing Touch          Hex            7%         N/A       17%         3
 Vampiric Draining        Necr           7%         2d6       17%         3
 Sticky Flame             Conj/Fire      15%        2d4       21%         4
 Dispel Undead            Necr           7%         3d8       50%         4
 Freezing Cloud           Conj/Ice/Air   9%         6-21      61%         5
 Lee's Rapid Deconstruct  Erth           3%         3d6*      82%         5
 Iron Shot                Conj/Erth      5%         9d2       99%         6
 Statue Form              Tmut/Erth      7%         N/A       99%         6


Dungeon Overview and Level Annotations

Branches:
Dungeon (8/15)             Temple (0/1) D:6           Sewer (visited)
   Lair: D:8-11

Altars:
Ashenzari
Sif Muna

Shops:
D:3 ?   D:4 (   D:7 =

Annotations:
D:7 Duvessa


Innate Abilities, Weirdness & Mutations

Your serpentine skin is tough. (AC +3)
You have supernaturally acute eyesight. (SInv)
Armour fits poorly on your strangely shaped body.
Your system is resistant to poisons. (rPois)
You cover ground very slowly.
You can exhale a cloud of poison.
You have a snake-like lower body.
Your flesh is cold resistant. (rC+)
You are dopey. (Int -2)


Message History

Duvessa hits you with a +0 short sword!
* * * LOW HITPOINT WARNING * * *
The hound bites you.
* * * LOW HITPOINT WARNING * * *
Duvessa hits you with a +0 short sword.
* * * LOW HITPOINT WARNING * * *
Your orc barely misses Duvessa.
Casting: Ignite Poison (safe; 1% risk of failure)
Confirm with . or Enter, or press ? or * to list all spells.
Okay, then.
Casting: Ignite Poison (safe; 1% risk of failure)
Confirm with . or Enter, or press ? or * to list all spells.
Really poison near your orc?
You begin to radiate toxic energy.
Duvessa is poisoned.
Your orc is poisoned.
The hound is poisoned.
Your orc dissolves into shadows!
The hound looks even sicker.
The hound bites you.
* * * LOW HITPOINT WARNING * * *
Duvessa hits you but does no damage. The hound bites you but does no damage.
Casting: Olgreb's Toxic Radiance (mildly dangerous; 1% risk of failure)
Confirm with . or Enter, or press ? or * to list all spells.
You ignite the poison in your surroundings!
The hound seems to burn from within!!
You kill the hound!
Duvessa seems to burn from within!
Duvessa is severely wounded.
Duvessa is poisoned.
Your toxic aura wanes.
Duvessa hits you with a +0 short sword.
* * * LOW HITPOINT WARNING * * *
Duvessa hits you but does no damage.
Casting: Ignite Poison (safe; 1% risk of failure)
Confirm with . or Enter, or press ? or * to list all spells.
You ignite the poison in your surroundings!
Duvessa seems to burn from within!
Duvessa is almost dead.
You hear the brisk hiss of a very distant avalanche of sand.
Duvessa hits you with a +0 short sword!
You die...

........... ...
........)...... ..
......... ..).
.....#......#.....
.....#......#.....
.....#............
..................
..........e.......
...........@....#$.
.....#.....).......
####.##....###.......
...........# .......
...........# .......
...........# ........
.#.##......#.........
...............#...$.
###.##.#........#....


You could see Duvessa (berserk).

Vanquished Creatures
  Maggie (D:7)
  A hornet (D:8)
  A wyvern (D:8)
  6 yaks (D:8)
  Eustachio (D:5)
  A water moccasin (D:6)
  An ice beast (D:6)
  A necrophage (D:5)
  4 ogres
  2 centaurs
  A phantom (D:6)
  A wyvern zombie (D:7)
  A bullfrog (D:8)
  2 scorpions
  Dowan (D:7)
  A howler monkey (D:7)
  2 jellies (D:5)
  8 hounds
  7 iguanas
  A hell rat (Sewer)
  An orc wizard (D:5)
  A hound skeleton (D:5)
  4 adders
  A howler monkey skeleton (D:5)
  2 river rats (Sewer)
  A shadow imp (D:5)
  An ufetubus (D:4)
  2 adder skeletons (D:4)
  2 worms
  4 dart slugs
  22 orcs
  9 bats
  8 endoplasms
  4 giant cockroaches
  9 hobgoblins
  3 jackals (D:4)
  2 quokkas
  7 ball pythons
  4 frilled lizards (D:1)
  8 goblins
  5 kobolds
  7 rats
151 creatures vanquished.

Notes
Turn   | Place    | Note
-------+----------+-------------------------------------------
     0 | D:1      | oldriver the Naga Venom Mage began the quest for the Orb.
     0 | D:1      | Reached XP level 1. HP: 15/15 MP: 3/3
   284 | D:1      | Got the Almanac of Earth
   354 | D:1      | Reached XP level 2. HP: 24/24 MP: 0/5
  1121 | D:1      | Learned a level 2 spell: Poisonous Vapours
  1559 | D:1      | Reached XP level 3. HP: 30/30 MP: 1/6
  1877 | D:1      | Reached skill level 1 in Fighting
  2433 | D:2      | Learned a level 3 spell: Mephitic Cloud
  3128 | D:2      | Found a broken altar of Ashenzari.
  3896 | D:2      | Found a faded altar of an unknown god.
  4131 | D:3      | Reached XP level 4. HP: 37/38 MP: 1/7
  4394 | D:3      | Found Dexkizo's Magic Scroll Emporium.
  5649 | D:4      | Reached XP level 5. HP: 32/45 MP: 4/9
  5679 | D:4      | Found a glowing drain.
  5683 | Sewer    | Entered a sewer
  5963 | Sewer    | Learned a level 3 spell: Ignite Poison
  6293 | Sewer    | Reached skill level 1 in Air Magic
  6293 | Sewer    | Reached skill level 5 in Poison Magic
  6812 | D:4      | Noticed an ogre
  6822 | D:4      | Killed an ogre
  6823 | D:4      | Reached skill level 5 in Stealth
  6823 | D:4      | Reached skill level 1 in Fire Magic
  6823 | D:4      | Reached XP level 6. HP: 35/52 MP: 0/11
  7459 | D:4      | Reached XP level 7. HP: 60/60 MP: 2/12
  7672 | D:4      | Found Plog's Weapon Shoppe.
  7878 | D:4      | Identified the +8 quarterstaff of the Saving Jester {spect,
                  | rF+++ Will+ rCorr Dex-2 Stlth+}
  8129 | D:4      | Learned a level 2 spell: Static Discharge
  8536 | D:4      | Reached skill level 6 in Poison Magic
  8857 | D:5      | Entered Level 5 of the Dungeon
  8878 | D:5      | Reached skill level 1 in Conjurations
 10285 | D:5      | Noticed Eustachio
 10302 | D:5      | Killed Eustachio
 10303 | D:5      | Reached XP level 8. HP: 60/67 MP: 2/14
 10410 | D:5      | Reached skill level 7 in Poison Magic
 11756 | D:6      | Found a shimmering blue altar of Sif Muna.
 11831 | D:6      | Learned a level 4 spell: Olgreb's Toxic Radiance
 12126 | D:6      | Reached skill level 5 in Spellcasting
 12455 | D:6      | Found a staircase to the Ecumenical Temple.
 12643 | D:6      | Reached skill level 8 in Poison Magic
 12834 | D:6      | Reached XP level 9. HP: 54/73 MP: 8/17
 13220 | D:7      | Identified a scroll of acquirement
 13223 | D:7      | Acquired a staff of air
 13268 | D:7      | You fall into a shaft and drop 1 floor!
 13269 | D:8      | Noticed a hornet
 13272 | D:8      | Reached skill level 9 in Poison Magic
 13273 | D:8      | Killed a hornet
 13274 | D:8      | Reached skill level 10 in Poison Magic
 13473 | D:7      | Found Todesu's Jewellery Emporium.
 13532 | D:7      | Noticed Maggie
 13533 | D:7      | Noticed Dowan
 13535 | D:7      | Noticed Duvessa
 13537 | D:7      | Killed Dowan
 13546 | D:7      | HP: 5/109 [Duvessa (9)]
 13550 | D:7      | Killed Maggie
 13551 | D:7      | Reached XP level 10. HP: 3/80 MP: 5/22
 13556 | D:7      | Gained mutation: You are dopey. (Int -2) [potion of
                  | mutation]
 13556 | D:7      | Gained mutation: Your flesh is cold resistant. (rC+)
                  | [potion of mutation]
 13556 | D:7      | Gained mutation: You can exhale a cloud of poison. [potion
                  | of mutation]
 13562 | D:7      | Slain by Duvessa

Illustrated notes

Levels and vault maps discovered:
D:1:      ncdulo_wetmaze, layout_basic, serial_bayou, serial_bayou_pond_e,
          serial_bayou_pond_c, serial_bayou_pond_c, serial_bayou_crossing
D:2:      layout_basic, serial_curves, eino_curves_03, eino_curves_03,
          eino_curves_03, eino_curves_04,
          hellmonk_ecumenical_altar_prayer_group, basic_altar
D:3:      layout_loops_ring, serial_shops, shop
D:4:      kennysheep_spiral_hall, layout_rooms, serial_shops, shop,
          gup_sewer_entry_bowl, grunt_ministairs_5, minmay_between
D:5:      layout_loops_ring, kennysheep_small_square, uniq_eustachio
D:6:      layout_basic, mainiacjoe_overflow_alcove_1,
          minmay_temple_entry_junction_2, ebering_dispersal_statue_hall
D:7:      layout_basic, enter_ossuary_5, serial_shops,
          nicolae_shop_competitors_out_of_business, uniq_duvessa, uniq_maggie,
          uniq_harold
D:8:      layout_rooms, lair_entry_dummy

Skill      XL: |  1  2  3  4  5  6  7  8  9 |
---------------+----------------------------+-----
Fighting       | 1 2 |  2.0
Dodging        | 2 |  2.0
Stealth        | 4 5 7 8 |  8.0
Air Magic      | 1 2 3 |  3.0
Poison Magic   | 5 6 8 10 | 10.0
Spellcasting   | 3 4 5 8 |  8.8
Fire Magic     | 1 2 3 |  3.0
Transmutations | 2 3 |  3.0
Conjurations   | 2 |  2.0

Action                   |  1- 3 |  4- 6 |  7- 9 | 10-12 || total
-------------------------+-------+-------+-------+-------++-------
Melee: Short sword       |    17 |    16 |    25 |       ||    58
       Unarmed           |     6 |       |       |       ||     6
       Staff             |       |       |     9 |       ||     9
 Cast: Sting             |    62 |    71 |    89 |       ||   222
       Poisonous Vapours |    27 |    41 |    74 |       ||   142
       Static Discharge  |       |       |    36 |       ||    36
       Ignite Poison     |       |       |    23 |     2 ||    25
       Olgreb's Toxic Ra |       |       |     6 |     1 ||     7
  Use: Scroll            |       |     4 |     6 |     1 ||    11
       Potion            |       |       |     4 |     8 ||    12
 Stab: Invisible         |       |       |     2 |       ||     2
Armor: Robe              |     8 |     9 |    14 |       ||    31
       Leather armour    |       |       |    19 |    10 ||    29
Dodge: Dodged            |    38 |    20 |    62 |     5 ||   125

Table legend: (Time is in decaauts)
 A = Elapsed time spent in this place.
 B = Non-inter-level travel time spent in this place.
 C = Inter-level travel time spent in this place.
 D = Time resting spent in this place.
 E = Time spent auto-exploring this place.
 F = Levels seen in this place.
 G = Mean time per level.
                   A        B        C        D        E       F      G
               +--------+--------+--------+--------+--------+-----+--------+
         Total |  15237 |  14926 |    311 |   7502 |   5748 |   9 | 1693.0 |
       Dungeon |  14428 |  14117 |    311 |   6867 |   5672 |   8 | 1803.5 |
         Sewer |    809 |    809 |      0 |    635 |     76 |   1 |  809.0 |
               +--------+--------+--------+--------+--------+-----+--------+

Top non-repeatable levels by time:
     D:5: 2947 daAuts
     D:4: 2737 daAuts
     D:1: 2615 daAuts
     D:2: 2032 daAuts
     D:6: 1971 daAuts
     D:3: 1767 daAuts
   Sewer: 809 daAuts
     D:8: 206 daAuts
     D:7: 150 daAuts
